 Dungeon Sprint DCSS version 0.31-a0-1-g4198be8af4 (webtiles) character file.

Game seed: 1145734399629260786

255235 123456 the Conqueror (level 17, -10/191 HPs)
             Began as a Minotaur Fighter on May 2, 2023.
             Was an Initiate of Gozag.
             Mangled by an Orb Guardian (17 damage)
             ... in the Dungeon (Sprint IX: "|||||||||||||||||||||||||||||").
             The game lasted 00:24:13 (7127 turns).

123456 the Conqueror (Minotaur Fighter)             Turns: 7127, Time: 00:24:14

Health: -10/191    AC: 38    Str: 39    XL:     17   Next: 37%
Magic:  14/14      EV: 22    Int:  9    God:    Gozag
Gold:   1558       SH:  0    Dex: 13    Spells: 16/16 levels left

rFire   + . .        U - +7 great mace "Undeadhunter" {deathbane, rN+}
rCold   + . .        (shield currently unavailable)
rNeg    + + +        w - +2 plate armour of Trial and Error {*Slow rC+ Regen+}
rPois   .            q - +2 hat {SInv}
rElec   +            o - +2 cloak
rCorr   .            E - +2 pair of gloves
SInv    +            F - +2 pair of boots
Will    +....        c - amulet of the Komtur {Regen+ Int+3 Dex+2} Stlth
                     r - ring of Wishful Thinking {rElec rF+ rN+++ Str+4 SInv}
HPRegen 2.11/turn    n - ring of Curiosity {Str+4 Int+2 Slay+3}
MPRegen 0.14/turn

%: no teleportation, slow self (1%)
@: gold aura
A: horns 2, retaliatory headbutt, low MP 1, strong 1, sturdy frame 1
}: 5/17 runes: decaying, serpentine, barnacled, silver, gossamer
a: Renounce Religion, Potion Petition, Call Merchant, Bribe Branch


You were in the Dungeon.
You worshipped Gozag.
Gozag was most pleased with you.
You visited 1 branch You collected 36287 gold pieces.
You spent 7890 gold pieces at shops.
You paid 26839 gold pieces to Gozag.

Inventory:

Hand Weapons
 f - a +9 sacred scourge of holy wrath
 U - the +7 great mace "Undeadhunter" (weapon) {deathbane, rN+}
   (You bought it in a shop in the Dungeon)

   rN:        It protects you from negative energy.
Missiles
 y - 4 javelins
 T - a silver javelin (quivered)
Armour
 o - a +2 cloak (worn)
 q - a +2 hat of see invisible (worn)
 w - the +2 plate armour of Trial and Error (worn) {*Slow rC+ Regen+}
   (You bought it in a shop in the Dungeon)

   rC:        It protects you from cold.
   Regen:     It increases your rate of health regeneration.
   *Slow:     It may slow you when you take damage.
 E - a +2 pair of gloves (worn)
 F - a +2 pair of boots (worn)
 R - a +2 tower shield
 S - the +0 plate armour "Pavvaiwk" {Fly rN++ Regen+ Dex-2}
   (You bought it in a shop in the Dungeon)

   Dex:       It affects your dexterity (-2).
   rN:        It greatly protects you from negative energy.
   Fly:       It grants you flight.
   Regen:     It increases your rate of health regeneration.
Jewellery
 c - the amulet of the Komtur (around neck) {Regen+ Int+3 Dex+2}
   (You found it in the Dungeon)

   [amulet of regeneration]

   Int:       It affects your intelligence (+3).
   Dex:       It affects your dexterity (+2).
   Regen:     It increases your rate of health regeneration.
 n - the ring of Curiosity (right hand) {Str+4 Int+2 Slay+3}
   (You found it in the Dungeon)

   [ring of slaying]

   Str:       It affects your strength (+4).
   Int:       It affects your intelligence (+2).
   Slay:      It affects your accuracy & damage with ranged weapons and melee
   (+3).
 p - the ring "Buikuph" {MP+9 EV+5 Str+5}
   (You bought it in a shop in the Dungeon)

   [ring of evasion]

   EV:        It affects your evasion (+5).
   Str:       It affects your strength (+5).
   MP:        It affects your magic capacity (+9).
 r - a ring of Wishful Thinking (left hand) {rElec rF+ rN+++ Str+4 SInv}
   (You bought it in a shop in the Dungeon)

   [ring of see invisible]

   Str:       It affects your strength (+4).
   rF:        It protects you from fire.
   rElec:     It insulates you from electricity.
   rN:        It renders you almost immune to negative energy.
   SInv:      It lets you see invisible.
 t - a ring of protection from fire
 I - a +4 ring of slaying
 L - a +6 ring of strength
 N - a +4 ring of evasion
 X - a +6 ring of strength
Wands
 m - a wand of roots (14)
 W - a wand of charming (6)
Scrolls
 j - 6 scrolls of blinking
 l - 2 scrolls of amnesia
 s - 6 scrolls of identify
 u - 5 scrolls of fog
 v - 4 scrolls of fear
 z - 2 scrolls of enchant armour
 V - a scroll of enchant weapon
Potions
 b - 3 potions of brilliance
 d - 3 potions of might
 e - 2 potions of curing
 g - 8 potions of haste
 h - 9 potions of magic
 i - 2 potions of berserk rage
 k - a potion of invisibility
 G - a potion of cancellation {unknown}
 H - a potion of mutation
 Q - 12 potions of heal wounds
 Y - a potion of attraction {unknown}
Miscellaneous
 a - a phantom mirror


   Skills:
 O Level 27 Fighting
 O Level 27 Maces & Flails
 O Level 27 Throwing
 O Level 27 Armour
 O Level 27 Dodging
 + Level 23.8 Shields


You had 16 spell levels left.
You didn't know any spells.
Your spell library contained the following spells:

 Spells                   Type           Power      Damage    Failure   Level
 Conjure Ball Lightning   Conj/Air       0%         3x3d6     100%        6
 Discord                  Hex            0%         N/A       100%        8
 Disjunction              Tloc           0%         N/A       100%        8


Dungeon Overview and Level Annotations

Branches:
Dungeon (1/1)

Altars:
Cheibriados
Dithmenos
Elyvilon
Fedhas
Gozag
Hepliaklqana
Kikubaaqudgha
Makhleb
Nemelex Xobeh
Okawaru
Qazlal
Ru
Sif Muna
Trog
Uskayaw
Vehumet
Wu Jian
Xom
Yredelemnul
Zin
The Shining One
Jiyva
Lugonu

Shops:
D [(=**[=((*[=((==[


Innate Abilities, Weirdness & Mutations

You have a pair of horns on your head.
You reflexively headbutt those who attack you in melee.
Your magical capacity is low. (-10% MP)
Your muscles are strong. (Str +4, Int/Dex -1)
Your movements are slightly less encumbered by armour. (ER -2)


Message History

Unknown command.
Unknown command.
You are too injured to fight recklessly!
You hit the Orb Guardian.
The Orb Guardian is moderately wounded.
The Orb Guardian completely misses you.
You bludgeon the Orb Guardian!!
The Orb Guardian is heavily wounded.
The Orb Guardian hits you but does no damage.
The Orb Guardian misses you. You furiously retaliate!
You headbutt the Orb Guardian!! You barely miss the Orb Guardian.
Your headbutt misses the Orb Guardian.
The Orb Guardian is severely wounded.
The Orb Guardian closely misses you.
You hammer the Orb Guardian like a gong!!!
You kill the Orb Guardian!
You have mastered Throwing!
You hit the Orb Guardian but do no damage.
The Orb Guardian hits you. The Orb Guardian hits you!!!
* * * LOW HITPOINT WARNING * * *
You bludgeon the Orb Guardian!! You headbutt the Orb Guardian!!
The Orb Guardian is heavily wounded.
The Orb Guardian hits you but does no damage.
You completely miss the Orb Guardian.
You headbutt the Orb Guardian, but do no damage.
The Orb Guardian is heavily wounded.
The Orb Guardian hits you!!!
* * * LOW HITPOINT WARNING * * *
The Orb Guardian is distracted by your dazzling golden aura.
You sock the Orb Guardian!
The Orb Guardian is no longer distracted by gold.
The Orb Guardian is severely wounded.
The Orb Guardian hits you.
* * * LOW HITPOINT WARNING * * *
You beat the Orb Guardian like a drum!!!
Your headbutt misses the Orb Guardian.
The Orb Guardian is almost dead.
The Orb Guardian hits you!
You die...
Your body crumbles into a pile of gold.

..[[[[[[[...)))))))....""=.....'.
▓▓▓▓▓▓▓▓▓▓▓▓▓▓▓▓▓▓▓▓▓▓▓▓▓▓▓▓▓▓▓▓▓
.................................
▓▓▓▓▓▓▓▓▓▓▓▓▓▓▓▓▓▓▓▓▓▓▓▓▓▓▓▓▓▓▓▓▓
..))[.)[)[[.)∩∩..))).)..∩'.∩.)..[
▓▓▓▓▓▓▓▓▓▓▓▓▓▓▓▓▓▓▓▓▓▓▓▓▓▓▓▓▓▓▓▓▓
.................................
▓▓▓▓▓▓▓▓▓▓▓▓▓▓▓▓▓▓▓▓▓▓▓▓▓▓▓▓▓▓▓▓▓
,,,+,+,+,+....yX@$'..........'...
*********▓▓▓▓▓▓▓▓▓▓▓▓▓▓▓▓▓▓▓▓▓▓▓▓
,,,,,,,,,,,,,,,,,,,,,,,,,,,,,,,,,
*********************************
,,,,,,,,,,,+,,,,,,,,,,,+,,,,,,,,,
*********************************
,,,,,,,,,,,,,,,,,,,,,,,,,,,,,,,,,
*********************************
,,,,,,,,,+,,,,,,,,,,+,,,,,,,,,,,,


You could see an Orb Guardian (berserk) and a moth of wrath.

Vanquished Creatures
  Mara (D)
  Mennas (D)
  Frederick (D)
  Xtahua (D)
  4 golden dragons (D)
  A lich (D)
  A tentacled monstrosity (D)
  13 Orb Guardians (D)
  4 quicksilver dragons (D)
  7 shadow dragons (D)
  3 sphinxes (D)
  A death cob (D)
  A tengu reaver (D)
  Agnes (D)
  6 storm dragons (D)
  4 nagarajas (D)
  Donald (D)
  6 emperor scorpions (D)
  A frost giant (D)
  3 draconian knights (D)
  2 draconian monks (D)
  Ilsuiw (D)
  Louise (D)
  An iron dragon (D)
  3 vault wardens (D)
  2 ghost moths (D)
  2 draconian annihilators (D)
  A draconian scorcher (D)
  2 draconian shifters (D)
  4 ironbound preservers (D)
  3 very ugly things (D)
  4 stone giants (D)
  An ironbound thunderhulk (D)
  4 black draconians (D)
  2 white draconians (D)
  3 dire elephants (D)
  3 green draconians (D)
  A deep elf demonologist (D)
  A deep elf annihilator (D)
  3 red draconians (D)
  A yellow draconian (D)
  A bunyip (D)
  3 purple draconians (D)
  2 merfolk impalers (D)
  An ettin (D)
  2 merfolk javelineers (D)
  4 yaktaur captains (D)
  3 fire dragons (D)
  An entropy weaver (D)
  A great orb of eyes (D)
  26 vault guards (D)
  5 ice dragons (D)
  A peacekeeper (D)
  9 hydras (D)
  An alligator (D)
  A satyr (D)
  5 merfolk aquamancers (D)
  A naga warrior (D)
  A tengu warrior (D)
  A vampire mage (D)
  A spriggan berserker (D)
  A hell knight (D)
  A sea snake (D)
  5 swamp dragons (D)
  A deep troll (D)
  3 ironbound convokers (D)
  A harpy (D)
  3 orc knights (D)
  5 moths of wrath (D)
  3 wolf spiders (D)
  2 manticores (D)
  4 naga magi (D)
  2 vault sentinels (D)
  An elephant (D)
  A demonic crawler (D)
  A rime drake (D)
  A water nymph (D)
  2 cane toads (D)
  Psyche (D)
  A freezing wraith (D)
  2 komodo dragons (D)
  2 efreet (D)
  2 trolls (D)
  2 tyrant leeches (D)
  4 merfolk (D)
  2 tarantellas (D)
  A tarantella (shapeshifter) (D)
  A jumping spider (D)
  2 wraiths (D)
  A culicivora (D)
  3 slime creatures (D)
  A wyvern (D)
  A basilisk (D)
  3 yaks (D)
  A steam dragon (D)
  3 hogs (D)
  5 nagas (D)
  4 wargs (D)
  An acid dragon (D)
  5 water moccasins (D)
  A hell hound (D)
  11 orc warriors (D)
  3 wolves (D)
  4 centaurs (D)
  A bullfrog (D)
  A scorpion (D)
  2 orc priests (D)
  An iguana (D)
  An orc wizard (D)
  An adder (D)
  2 dart slugs (D)
  5 orcs (D)
  3 hobgoblins (D)
297 creatures vanquished.

Vanquished Creatures (collateral kills)
  Kirke (D)
  3 stone giants (D)
  An ice dragon (D)
  An ogre mage (D)
  A boulder beetle (D)
  A naga warrior (D)
  A deep troll earth mage (D)
  A deep troll (D)
  2 salamander mystics (D)
  A wizard (D)
  A wolf spider (D)
  An ugly thing (D)
  A necromancer (D)
  A salamander (D)
  A cyclops (D)
  A yaktaur (D)
  A hornet (D)
  2 trolls (D)
  A blink frog (shapeshifter) (D)
  A spriggan (D)
  3 hogs (D)
  A redback (D)
28 creatures vanquished.

Vanquished Creatures (others)
  Saint Roka (D)
  A fire giant (D)
  A very ugly thing (D)
  A stone giant (D)
  An ettin (D)
  Erica (D)
  A merfolk aquamancer (D)
  A radroach (D)
  A centaur warrior (D)
  A deep troll shaman (D)
  A deep troll earth mage (D)
  A sea snake (D)
  2 deep trolls (D)
  2 bog bodies (D)
  3 harpies (D)
  A wizard (D)
  An ugly thing (D)
  An orc sorcerer (D)
  A salamander (D)
  2 black mambas (D)
  A troll (D)
  A hornet (D)
  A meliai (D)
  A naga (D)
  3 orc warriors (D)
  An ogre (D)
  An orc wizard (D)
  4 orcs (D)
38 creatures vanquished.

Grand Total: 363 creatures vanquished

Notes
Turn   | Place    | Note
-------+----------+-------------------------------------------
     0 | D        | 123456 the Minotaur Fighter began the quest for the Orb.
     0 | D        | Reached XP level 1. HP: 19/19 MP: 0/0
    11 | D        | Reached skill level 1 in Dodging
    20 | D        | Reached XP level 2. HP: 22/28 MP: 1/1
    49 | D        | Noticed a scorpion
    49 | D        | Noticed a centaur
    52 | D        | Reached skill level 5 in Fighting
    56 | D        | Killed a centaur
    57 | D        | Reached skill level 5 in Armour
    57 | D        | Reached XP level 3. HP: 30/39 MP: 2/2
    57 | D        | Reached XP level 4. HP: 36/47 MP: 3/3
    67 | D        | Killed a scorpion
    68 | D        | Reached XP level 5. HP: 5/56 MP: 4/4
   252 | D        | Found a snail-covered altar of Cheibriados.
   252 | D        | Found a shadowy altar of Dithmenos.
   252 | D        | Found a white marble altar of Elyvilon.
   252 | D        | Found a blossoming altar of Fedhas.
   252 | D        | Found an opulent altar of Gozag.
   253 | D        | Found a hazy altar of Hepliaklqana.
   254 | D        | Found a viscous altar of Jiyva.
   255 | D        | Found an ancient bone altar of Kikubaaqudgha.
   256 | D        | Found a corrupted altar of Lugonu.
   257 | D        | Found a burning altar of Makhleb.
   258 | D        | Found a sparkling altar of Nemelex Xobeh.
   259 | D        | Found an iron altar of Okawaru.
   260 | D        | Became a worshipper of Gozag Ym Sagoz the Greedy
   265 | D        | Found a stormy altar of Qazlal.
   266 | D        | Found a sacrificial altar of Ru.
   267 | D        | Found a shimmering blue altar of Sif Muna.
   268 | D        | Found a bloodstained altar of Trog.
   269 | D        | Found a hide-covered altar of Uskayaw.
   270 | D        | Found a radiant altar of Vehumet.
   271 | D        | Found an ornate altar of the Wu Jian Council.
   272 | D        | Found a shimmering altar of Xom.
   273 | D        | Found a basalt altar of Yredelemnul.
   274 | D        | Found a glowing silver altar of Zin.
   275 | D        | Found a glowing golden altar of the Shining One.
   330 | D        | Noticed a centaur
   330 | D        | Noticed a centaur
   330 | D        | Noticed an acid dragon
   330 | D        | Noticed an orc warrior
   330 | D        | Noticed a steam dragon
   335 | D        | Killed a steam dragon
   336 | D        | Reached skill level 5 in Dodging
   336 | D        | Reached XP level 6. HP: 43/66 MP: 5/5
   337 | D        | Killed an orc warrior
   338 | D        | Reached skill level 10 in Fighting
   338 | D        | Reached skill level 10 in Maces & Flails
   339 | D        | Killed an acid dragon
   343 | D        | Reached XP level 7. HP: 15/74 MP: 6/6
   532 | D        | Noticed a manticore
   532 | D        | Noticed an efreet
   532 | D        | Noticed a wraith
   532 | D        | Noticed a wraith
   532 | D        | Noticed an efreet
   540 | D        | Killed an efreet
   545 | D        | Killed a wraith
   546 | D        | Reached XP level 8. HP: 62/85 MP: 7/7
   551 | D        | Killed an efreet
   552 | D        | Reached skill level 10 in Armour
   552 | D        | Killed a manticore
   768 | D        | Noticed Psyche
   775 | D        | Killed Psyche
   897 | D        | Noticed a rime drake
   897 | D        | Noticed a komodo dragon
   897 | D        | Noticed a cane toad
   899 | D        | Noticed a komodo dragon
   902 | D        | Killed a cane toad
   903 | D        | Reached XP level 9. HP: 66/96 MP: 8/8
   911 | D        | Killed a komodo dragon
   912 | D        | Reached skill level 15 in Fighting
   916 | D        | Killed a rime drake
   917 | D        | Reached skill level 15 in Maces & Flails
   919 | D        | Reached skill level 10 in Dodging
   922 | D        | Killed a komodo dragon
  1156 | D        | Noticed an elephant
  1163 | D        | Noticed a seven-headed hydra
  1164 | D        | Noticed a cane toad
  1171 | D        | Killed an elephant
  1172 | D        | Reached XP level 10. HP: 97/108 MP: 9/9
  1181 | D        | Killed a seven-headed hydra
  1195 | D        | Killed a cane toad
  1201 | D        | HP: 5/111 [poisoned by a cane toad]
  1206 | D        | HP: 2/111 [poisoned by a cane toad]
  1671 | D        | Noticed an orc knight
  1683 | D        | Killed an orc knight
  1814 | D        | Noticed an orc sorcerer
  1943 | D        | Found Hurpheuxa's Jewellery Boutique.
  1943 | D        | Noticed an ogre mage
  1943 | D        | Noticed a deep troll
  1945 | D        | Found Opegumm's Armour Shop.
  1948 | D        | Reached XP level 11. HP: 121/121 MP: 10/10
  1949 | D        | Found Lefeilop's General Store.
  1951 | D        | Noticed an ogre mage
  1953 | D        | Found Dipn's Assorted Antiques.
  1955 | D        | Noticed a deep troll
  1957 | D        | Noticed a deep troll
  1958 | D        | Noticed an iron troll
  1962 | D        | Killed a deep troll
  1963 | D        | Killed a deep troll
  2135 | D        | Bought an amulet of regeneration for 300 gold pieces
  2142 | D        | Bought a +1 plate armour of cold resistance for 420 gold
                  | pieces
  2155 | D        | Bought a potion of curing for 30 gold pieces
  2155 | D        | Bought a scroll of blinking for 75 gold pieces
  2157 | D        | Bought a pair of translucent gloves for 199 gold pieces
  2157 | D        | Identified the +1 pair of gloves of Sin {+Blink rElec rCorr
                  | Str-4} (You bought it in a shop in the Dungeon)
  2157 | D        | Bought the +4 consecrated labrys {holy, Valiant Fragile Fly
                  | SInv} for 732 gold pieces
  2157 | D        | Found the +4 consecrated labrys {holy, Valiant Fragile Fly
                  | SInv}
  2157 | D        | Bought a scroll of enchant armour for 157 gold pieces
  2344 | D        | Noticed a centaur warrior
  2344 | D        | Noticed an entropy weaver
  2344 | D        | Noticed a wizard
  2344 | D        | Killed a wizard
  2347 | D        | Killed a centaur warrior
  2348 | D        | Noticed a boulder beetle
  2348 | D        | Noticed a fire giant
  2350 | D        | Noticed a fire giant
  2351 | D        | Noticed a cyan ugly thing
  2352 | D        | Noticed a vampire mage
  2352 | D        | Killed a boulder beetle
  2354 | D        | Noticed a tengu warrior
  2355 | D        | Noticed a stone giant
  2355 | D        | Killed a cyan ugly thing
  2359 | D        | Killed a wizard
  2360 | D        | Killed a vampire mage
  2423 | D        | Bought the ring "Qexo Eqe" {rPois EV+5} for 519 gold pieces
  2423 | D        | Bought the ring "Buikuph" {MP+9 EV+5 Str+5} for 796 gold
                  | pieces
  2423 | D        | Bought a potion of curing for 33 gold pieces
  2544 | D        | Noticed Saint Roka
  2561 | D        | Noticed Erica
  2597 | D        | Noticed a salamander mystic
  2597 | D        | Noticed a naga warrior
  2597 | D        | Noticed a salamander mystic
  2636 | D        | Noticed an alligator
  2636 | D        | Noticed a bunyip
  2636 | D        | Noticed a bog body
  2636 | D        | Noticed a spriggan rider
  2639 | D        | Noticed an eleionoma
  2641 | D        | Noticed a bog body
  2648 | D        | Killed a bunyip
  2649 | D        | Killed an alligator
  2682 | D        | Noticed an entropy weaver
  2682 | D        | Noticed a wolf spider
  2682 | D        | Noticed a wolf spider
  2685 | D        | Reached skill level 15 in Armour
  2685 | D        | Killed a wolf spider
  2686 | D        | Noticed a radroach
  2691 | D        | Killed a wolf spider
  2693 | D        | Noticed a wolf spider
  2707 | D        | Killed an entropy weaver
  2714 | D        | Killed a radroach
  2715 | D        | Reached XP level 12. HP: 56/136 MP: 11/11
  2804 | D        | Noticed a satyr
  2809 | D        | Noticed a merfolk javelineer
  2954 | D        | Noticed Kirke
  3056 | D        | Noticed a deep troll earth mage
  3056 | D        | Noticed an ettin
  3056 | D        | Noticed an ice dragon
  3056 | D        | Noticed a fire dragon
  3056 | D        | Noticed a brown very ugly thing
  3056 | D        | Noticed a stone giant
  3057 | D        | Noticed a stone giant
  3058 | D        | Killed an ice dragon
  3059 | D        | Killed a brown very ugly thing
  3060 | D        | Killed a fire dragon
  3061 | D        | Noticed a deep troll shaman
  3061 | D        | Killed a deep troll shaman
  3061 | D        | Noticed a stone giant
  3063 | D        | Noticed a deep troll earth mage
  3064 | D        | Noticed a cyan very ugly thing
  3064 | D        | Killed a deep troll earth mage
  3066 | D        | Noticed a stone giant
  3067 | D        | Noticed a cyan very ugly thing
  3068 | D        | Noticed a fire dragon
  3070 | D        | Killed a cyan very ugly thing
  3071 | D        | Noticed a stone giant
  3071 | D        | Killed a cyan very ugly thing
  3073 | D        | Killed a stone giant
  3074 | D        | Killed a deep troll earth mage
  3074 | D        | Your ally Erica died
  3075 | D        | Killed a stone giant
  3075 | D        | Killed a stone giant
  3078 | D        | Your ally Kirke died
  3080 | D        | Killed a fire dragon
  3080 | D        | Killed a stone giant
  3080 | D        | Killed a naga warrior
  3094 | D        | Your ally Saint Roka died
  3119 | D        | Killed a merfolk javelineer
  3120 | D        | Reached skill level 15 in Dodging
  3123 | D        | Killed a stone giant
  3287 | D        | Noticed an ironbound preserver
  3287 | D        | Noticed a dire elephant
  3287 | D        | Noticed a peacekeeper
  3292 | D        | Killed a peacekeeper
  3292 | D        | Noticed a great orb of eyes
  3296 | D        | Noticed an ironbound preserver
  3299 | D        | Killed a dire elephant
  3300 | D        | Noticed a vault warden
  3312 | D        | Killed an ironbound preserver
  3313 | D        | Killed an ironbound preserver
  3315 | D        | Reached XP level 13. HP: 148/148 MP: 12/12
  3328 | D        | Killed a vault warden
  3333 | D        | Noticed an ironbound thunderhulk
  3335 | D        | Noticed a dire elephant
  3337 | D        | Noticed a sphinx
  3340 | D        | Noticed a dire elephant
  3346 | D        | Killed an ironbound thunderhulk
  3365 | D        | Killed a dire elephant
  3368 | D        | Killed a sphinx
  3372 | D        | Killed a dire elephant
  3374 | D        | Noticed an ironbound preserver
  3392 | D        | Killed an ironbound preserver
  3806 | D        | Noticed Frederick
  3816 | D        | Killed Frederick
  3937 | D        | Bought a +4 ring of slaying for 1092 gold pieces
  3941 | D        | Noticed Mennas
  3978 | D        | Killed Mennas
  4121 | D        | Noticed Xtahua
  4121 | D        | Paralysed by Xtahua for 4 turns
  4139 | D        | Killed Xtahua
  4258 | D        | Gained mutation: Your magical capacity is low. (-10% MP)
                  | [potion of mutation]
  4258 | D        | Gained mutation: Your muscles are strong. (Str +4, Int/Dex
                  | -1) [potion of mutation]
  4258 | D        | Gained mutation: Your movements are slightly less
                  | encumbered by armour. (ER -2) [potion of mutation]
  4276 | D        | Noticed Louise
  4293 | D        | Killed Louise
  4361 | D        | Noticed a nagaraja
  4361 | D        | Noticed a nagaraja
  4364 | D        | Noticed a nagaraja
  4375 | D        | Killed a nagaraja
  4383 | D        | Reached XP level 14. HP: 107/165 MP: 11/11
  4384 | D        | Noticed a nagaraja
  4389 | D        | Killed a nagaraja
  4397 | D        | Killed a nagaraja
  4412 | D        | Killed a nagaraja
  4424 | D        | Got a serpentine rune of Zot
  4568 | D        | Bought the +0 plate armour "Pavvaiwk" {Fly rN++ Regen+
                  | Dex-2} for 499 gold pieces
  4653 | D        | Noticed Ilsuiw
  4680 | D        | Reached skill level 27 in Fighting
  4688 | D        | Reached skill level 27 in Maces & Flails
  4707 | D        | Killed Ilsuiw
  4730 | D        | Got a barnacled rune of Zot
  4798 | D        | Noticed an emperor scorpion
  4798 | D        | Noticed an emperor scorpion
  4798 | D        | Noticed an emperor scorpion
  4806 | D        | Reached skill level 1 in Throwing
  4813 | D        | Noticed an emperor scorpion
  4823 | D        | Killed an emperor scorpion
  4831 | D        | Killed an emperor scorpion
  4840 | D        | Killed an emperor scorpion
  4841 | D        | Reached skill level 5 in Shields
  4848 | D        | Killed a ghost moth
  4852 | D        | Noticed an emperor scorpion
  4856 | D        | Killed an emperor scorpion
  4857 | D        | Reached skill level 5 in Throwing
  4862 | D        | Noticed an emperor scorpion
  4869 | D        | Killed an emperor scorpion
  4884 | D        | Killed an emperor scorpion
  4894 | D        | Got a gossamer rune of Zot
  5058 | D        | Got a decaying rune of Zot
  5077 | D        | Bought the +7 great mace "Undeadhunter" {deathbane, rN+}
                  | for 737 gold pieces
  5077 | D        | Found the +7 great mace "Undeadhunter" {deathbane, rN+}
  5135 | D        | Noticed Donald
  5148 | D        | Killed Donald
  5218 | D        | Reached XP level 15. HP: 166/174 MP: 12/12
  5237 | D        | Reached skill level 10 in Throwing
  5257 | D        | Reached skill level 10 in Shields
  5384 | D        | Noticed a shadow dragon
  5384 | D        | Noticed a sphinx
  5395 | D        | Killed a sphinx
  5398 | D        | Noticed a frost giant
  5420 | D        | Killed a shadow dragon
  5427 | D        | Noticed a sphinx
  5428 | D        | Noticed a shadow dragon
  5430 | D        | Noticed a shadow dragon
  5433 | D        | Identified the +1 pair of boots of Poaqevetz {rF+ MP+9
                  | Str-5 Dex+6}
  5435 | D        | Killed a frost giant
  5437 | D        | Killed a sphinx
  5438 | D        | Noticed a tengu reaver
  5440 | D        | Killed a shadow dragon
  5443 | D        | Noticed a vault warden
  5448 | D        | Killed a shadow dragon
  5455 | D        | Killed a tengu reaver
  5464 | D        | Killed a vault warden
  5519 | D        | Noticed a shadow dragon
  5519 | D        | Noticed a tentacled monstrosity
  5519 | D        | Noticed a vault warden
  5519 | D        | Noticed a shadow dragon
  5520 | D        | Noticed a quicksilver dragon
  5528 | D        | Noticed a shadow dragon
  5532 | D        | Killed a tentacled monstrosity
  5532 | D        | Killed a shadow dragon
  5532 | D        | Killed a vault warden
  5535 | D        | Killed a shadow dragon
  5537 | D        | Killed a shadow dragon
  5542 | D        | Killed a quicksilver dragon
  5543 | D        | Reached skill level 15 in Throwing
  5544 | D        | Identified the staff of earth "Sakig" {Dex+3}
  5550 | D        | Identified the +0 robe of Hangman {rPois rF- rCorr Dex+9}
  5555 | D        | Got a silver rune of Zot
  5600 | D        | Noticed Agnes
  5607 | D        | Killed Agnes
  5666 | D        | Noticed Mara
  5676 | D        | Killed Mara
  5702 | D        | Got the amulet of the Komtur {Regen+ Int+3 Dex+2}
  5704 | D        | Got the ring of Curiosity {Str+4 Int+2 Slay+3}
  5708 | D        | Got the ring "Neethril" {Fire +Blink Will++ Str-2 Dex+2}
  5711 | D        | Got the amulet of Cearef {RegenMP Int+6}
  5714 | D        | Got the ring of Fesaawn {Will+ Str+3}
  5881 | D        | Noticed an iron dragon
  5881 | D        | Noticed a lich
  5883 | D        | Killed a lich
  5884 | D        | Reached XP level 16. HP: 183/183 MP: 13/13
  5901 | D        | Reached skill level 27 in Armour
  5953 | D        | Noticed a storm dragon
  5953 | D        | Noticed a golden dragon
  5962 | D        | Killed a golden dragon
  5969 | D        | Killed a storm dragon
  5970 | D        | Reached skill level 15 in Shields
  5974 | D        | Noticed a storm dragon
  5996 | D        | Noticed a golden dragon
  6013 | D        | Killed a storm dragon
  6024 | D        | Killed a golden dragon
  6052 | D        | Bought a ring of Wishful Thinking {rElec rF+ rN+++ Str+4
                  | SInv} for 784 gold pieces
  6090 | D        | Bought a ring of protection from fire for 425 gold pieces
  6102 | D        | Noticed a death cob
  6108 | D        | Killed a death cob
  6136 | D        | Reached skill level 27 in Dodging
  6176 | D        | Bought a polished plate armour for 1092 gold pieces
  6176 | D        | Identified the +2 plate armour of Trial and Error {*Slow
                  | rC+ Regen+} (You bought it in a shop in the Dungeon)
  6194 | D        | Noticed a shadow dragon
  6196 | D        | Noticed a golden dragon
  6200 | D        | Killed a shadow dragon
  6206 | D        | Noticed a storm dragon
  6237 | D        | Killed a golden dragon
  6246 | D        | Killed a storm dragon
  6436 | D        | Noticed a golden dragon
  6470 | D        | Noticed a quicksilver dragon
  6481 | D        | Killed a golden dragon
  6489 | D        | Killed a quicksilver dragon
  6687 | D        | Noticed a storm dragon
  6687 | D        | Noticed a storm dragon
  6691 | D        | Noticed a storm dragon
  6692 | D        | Killed a storm dragon
  6702 | D        | Killed a storm dragon
  6707 | D        | Killed a storm dragon
  6717 | D        | Reached XP level 17. HP: 163/191 MP: 9/14
  6963 | D        | Noticed an Orb Guardian
  6963 | D        | Noticed an Orb Guardian
  6963 | D        | Noticed an Orb Guardian
  6963 | D        | Noticed an Orb Guardian
  6963 | D        | Noticed an Orb Guardian
  6963 | D        | Noticed an Orb Guardian
  6966 | D        | Noticed an Orb Guardian
  6967 | D        | Killed an Orb Guardian
  6975 | D        | Killed an Orb Guardian
  6978 | D        | Killed an Orb Guardian
  6980 | D        | Noticed an Orb Guardian
  6990 | D        | Killed an Orb Guardian
  6995 | D        | Killed an Orb Guardian
  7004 | D        | Killed an Orb Guardian
  7008 | D        | Killed an Orb Guardian
  7010 | D        | Noticed an Orb Guardian
  7010 | D        | Killed an Orb Guardian
  7012 | D        | Noticed an Orb Guardian
  7016 | D        | Killed an Orb Guardian
  7022 | D        | Killed an Orb Guardian
  7089 | D        | Noticed a quicksilver dragon
  7089 | D        | Noticed a quicksilver dragon
  7089 | D        | Noticed an Orb Guardian
  7089 | D        | Noticed an Orb Guardian
  7090 | D        | Noticed an Orb Guardian
  7098 | D        | Killed an Orb Guardian
  7103 | D        | Killed an Orb Guardian
  7104 | D        | Noticed an Orb Guardian
  7108 | D        | Killed a quicksilver dragon
  7116 | D        | Killed a quicksilver dragon
  7122 | D        | Killed an Orb Guardian
  7123 | D        | Reached skill level 27 in Throwing
  7125 | D        | HP: 6/191 [Orb Guardian (47)]
  7127 | D        | Mangled by an Orb Guardian

Illustrated notes

Levels and vault maps discovered:
D:        linesprint [early_d, line_temple, items_1, d_10, items_2, lair_1,
          lair_end, items_3, orc_1, orc_end, items_4, d_15, swamp_1, shoals_1,
          snake_1, spider_1, d_20, vaults_1, items_5, swamp_end, shoals_end,
          snake_end, spider_end, vaults_end, d_27, items_6, zot_1, zot_end,
          crypt_end, forest_end, elf_end, slime_end, tomb_end, abyss_end,
          pan_hell_end]

Skill      XL: |  1  2  3  4  5  6  7  8  9 10 11 12 13 14 15 16 17 |
---------------+----------------------------------------------------+-----
Fighting       | 4 7 8 9 11 12 14 16 18 21 23 26 27 | 27.0
Maces & Flails | 3 6 8 9 10 12 14 16 18 20 23 26 27 | 27.0
Armour         | 4 5 6 7 8 9 10 12 13 15 17 19 22 26 27 | 27.0
Dodging        | 1 3 4 5 6 7 9 10 12 13 15 17 21 24 27 | 27.0
Throwing       | 9 15 23 27 | 27.0
Shields        | 8 14 20 23 | 23.8

Action                     |  1- 3 |  4- 6 |  7- 9 | 10-12 | 13-15 | 16-18 || total
---------------------------+-------+-------+-------+-------+-------+-------++-------
  Melee: Flail             |    22 |    10 |       |       |       |       ||    32
         Headbutt          |     2 |     9 |    19 |    28 |   148 |    83 ||   289
         Morningstar       |       |    10 |    72 |   175 |    73 |       ||   330
         Sacred scourge    |       |       |       |       |   250 |   145 ||   395
         Great mace        |       |       |       |       |   180 |   178 ||   358
  Throw: Javelin           |       |       |       |       |     9 |     5 ||    14
 Invoke: Call Merchant     |       |       |     2 |     1 |     5 |     5 ||    13
         Bribe Branch      |       |       |       |     1 |       |       ||     1
         Potion Petition   |       |       |       |       |     4 |     1 ||     5
  Evoke: Wand              |       |       |       |       |     3 |       ||     3
    Use: Scroll            |       |       |     2 |     6 |     5 |     4 ||    17
         Potion            |       |       |     1 |     1 |    14 |     2 ||    18
   Stab: Distracted        |       |     1 |       |     2 |     5 |     5 ||    13
 Armour: Scale mail        |    15 |     9 |    28 |    15 |       |       ||    67
         Plate armour      |       |       |       |    25 |   219 |   110 ||   354
  Dodge: Dodged            |     9 |    10 |    40 |   113 |   268 |   147 ||   587
  Block: Buckler           |     3 |     5 |    19 |    29 |    26 |       ||    82
         Tower shield      |       |       |       |       |   118 |    91 ||   209

Table legend: (Time is in decaauts)
 A = Elapsed time spent in this place.
 B = Non-inter-level travel time spent in this place.
 C = Inter-level travel time spent in this place.
 D = Time resting spent in this place.
 E = Time spent auto-exploring this place.
 F = Levels seen in this place.
 G = Mean time per level.
                   A        B        C        D        E       F      G
               +--------+--------+--------+--------+--------+-----+--------+
         Total |   6874 |   6803 |     71 |   2763 |   1428 |   1 | 6874.0 |
       Dungeon |   6874 |   6803 |     71 |   2763 |   1428 |   1 | 6874.0 |
               +--------+--------+--------+--------+--------+-----+--------+

Top non-repeatable levels by time:
       D: 6874 daAuts
